 Dungeon Crawl Stone Soup version 0.30.0 (webtiles) character file.

Game seed: 13059136959108112677

1 Mangokaze the Chiller (level 1, 0/13 HPs)
             Began as a Human Ice Elementalist on Aug 21, 2023.
             Slain by a goblin
             ... wielding a +0 dagger
              (3 damage)
             ... on level 2 of the Dungeon.
             The game lasted 00:09:23 (224 turns).

Mangokaze the Chiller (Human Ice Elementalist)       Turns: 224, Time: 00:09:24

Health: 0/13       AC:  2    Str:  8    XL:     1   Next: 22%
Magic:  2/3        EV: 12    Int: 15    God:
Gold:   0          SH:  0    Dex: 13    Spells: 3/4 levels left

rFire   . . .        (no weapon)
rCold   . . .        (no shield)
rNeg    . . .        a - +0 robe
rPois   .            (no helmet)
rElec   .            (no cloak)
rCorr   .            (no gloves)
SInv    .            (no boots)
Will    .....        (no amulet)
Stlth   ++           (no ring)
HPRegen 0.22/turn    (no ring)
MPRegen 0.08/turn

%: no passive effects
@: very slightly contaminated
A: no striking features
a: no special abilities


You were on level 2 of the Dungeon.
You visited 1 branch of the dungeon, and saw 2 of its levels.

Inventory:

Armour
 a - a +0 robe (worn)


   Skills:
 - Level 2.0 Dodging
 - Level 2.0 Stealth
 * Level 2.0 Spellcasting
 * Level 4.0 Ice Magic


You had 3 spell levels left.
You knew the following spells:

 Your Spells              Type           Power      Damage    Failure   Level
a - Freeze                Ice            52%        1d6       4%          1

Your spell library contained the following spells:

 Spells                   Type           Power      Damage    Failure   Level
 Frozen Ramparts          Ice            26%        1d4       13%         3
 Ozocubu's Armour         Ice            13%        N/A       13%         3
 Summon Ice Beast         Ice/Summ       7%         N/A       67%         4


Dungeon Overview and Level Annotations

Branches:
Dungeon (1/15)

Altars:

Annotations:
D:2 Jessica


Message History

A kobold comes into view. It is wielding a +0 short sword.
The kobold shouts!
The kobold closely misses you. The kobold attacks as you move away!
The kobold misses you.
A quokka comes into view.
The quokka moves out of view.
There are monsters nearby!
The kobold barely misses you.
Aiming: Freeze (safe; 4% risk of failure)
Press: ? - help, Q - select action Shift-Dir - straight line, f - quokka
Aim: a quokka You freeze the quokka.
The quokka is almost dead.
The quokka barely misses you. The kobold hits you but does no damage.
The quokka bites you but does no damage.
The goblin closely misses you.
Aiming: Freeze (safe; 4% risk of failure)
Press: ? - help, Q - select action Shift-Dir - straight line, f/p - quokka
Aim: a quokka (almost dead)
You freeze the quokka.
You kill the quokka!
The goblin hits you with a +0 dagger. The kobold misses you.
Aiming: Freeze (safe; 4% risk of failure)
Press: ? - help, Q - select action Shift-Dir - straight line, f - kobold
Aim: a kobold, wielding a +0 short sword You freeze the kobold.
The kobold is severely wounded.
The goblin hits you with a +0 dagger. The kobold barely misses you.
Magic courses through your body. The goblin hits you with a +0 dagger.
The kobold barely misses you.
Aiming: Freeze (safe; 4% risk of failure)
Press: ? - help, Q - select action Shift-Dir - straight line, f/p - kobold
Aim: a kobold, wielding a +0 short sword (severely wounded)
You miscast Freeze.
You are very lightly contaminated with residual magic.
Nothing appears to happen.
The kobold hits you with a +0 short sword.
* * * LOW HITPOINT WARNING * * *
The goblin hits you with a +0 dagger.
You die...

### #.# ####
..###.# ...
....#.# ..#
..#.#.##.#
.........#
######.###########
.........r.....rS#
.####b...#...##gK#
#....#...###@#
#....##..# #†#
.b@..###......#
.r#...# ##.....#
...#...# ###...#
.. #..## ###.# ..#
..#


You could see a goblin, a ball python, a kobold and a rat.

Vanquished Creatures
  A quokka (D:2)
1 creature vanquished.

Notes
Turn   | Place    | Note
-------+----------+-------------------------------------------
     0 | D:1      | Mangokaze the Human Ice Elementalist began the quest for
                  | the Orb.
     0 | D:1      | Reached XP level 1. HP: 13/13 MP: 3/3
    10 | D:1      | You fall into a shaft and drop 1 floor!
   208 | D:2      | Noticed Jessica
   224 | D:2      | Slain by a goblin

Illustrated notes

Levels and vault maps discovered:
D:1:      dpeg_arrival_solitude, layout_loops_ring
D:2:      minmay_recursive_quarters, layout_loops_cross,
          serial_co_window_serial, co_window_of_opportunity_a,
          co_window_corner_a, co_window_corner_a, co_window_paths_b,
          co_window_of_opportunity_a, co_window_broadway_b, co_window_paths_c,
          co_window_broadway_a, co_window_broadway_b, co_window_broadway_a,
          co_window_corner_b, co_window_paths_e, uniq_sigmund, uniq_jessica

Action                     || total
---------------------------++-------
   Cast: Freeze            ||    12
    Use: Potion            ||     1
 Armour: Robe              ||     2
  Dodge: Dodged            ||     8
